 Dungeon Crawl Stone Soup version 0.30.0 (webtiles) character file.

Game seed: 6756339425110176488

909 SnakkuSnakku7 the Ruffian (level 8, -5/66 HPs)
             Began as a Ghoul Conjurer on May 6, 2023.
             Splashed by a jelly's acid (8 damage)
             ... on level 4 of the Dungeon.
             The game lasted 00:09:26 (5131 turns).

SnakkuSnakku7 the Ruffian (Ghoul Conjurer)          Turns: 5131, Time: 00:09:27

Health: -5/66      AC: -12   Str: 13      XL:     8   Next: 8%
Magic:  9/9        EV:  3    Int: 12 (13) God:
Gold:   189        SH:  0    Dex:  6 (7)  Spells: 10/10 levels left

rFire   . .          .
                       - Unarmed
rCold   + . .        (no shield)
rNeg    + + +        l - +0 plate armour
rPois   ∞            c - +0 helmet
rElec   .            k - +0 cloak
rCorr   .            (no gloves)
SInv    .            (no boots)
Will    .....        (no amulet) Stlth
                     (no ring)
HPRegen 0.00/turn    (no ring)
MPRegen 0.11/turn

%: no passive effects
@: corroded, attractive, inhibited regen
A: claws 1, cold resistance 1, negative energy resistance 3, inhibited
regeneration, torment resistance 2, devour on kill
a: no special abilities


You were on level 4 of the Dungeon.
You visited 1 branch of the dungeon, and saw 5 of its levels.

You collected 189 gold pieces.

Inventory:

Missiles
 e - 12 poisoned darts (quivered)
Armour
 a - a +0 robe
 c - a +0 helmet (worn)
 d - a +0 ring mail
 k - a +0 cloak (worn)
 l - a +0 plate armour (worn)
Scrolls
 o - a scroll of poison {unknown}
 q - 3 scrolls of identify
 s - a scroll of noise {unknown}
Potions
 b - a potion of magic
 f - 6 potions of curing
 h - a potion of degeneration {unknown}
 i - a potion of mutation
 j - a potion of lignification {unknown}
 m - a potion of heal wounds {unknown}
 n - a potion of brilliance
 p - a potion of might
 r - a potion of flight


   Skills:
 - Level 4.0 Fighting
 - Level 4.0 Throwing
 - Level 1.7 Dodging
 - Level 2.1 Stealth
 + Level 7.1 Unarmed Combat
 - Level 1.7 Spellcasting
 - Level 3.2 Conjurations


You had 10 spell levels left.
You didn't know any spells.
Your spell library contained the following spells:

 Spells                   Type           Power      Damage    Failure   Level
 Magic Dart               Conj           32%        1d4       100%        1
 Summon Small Mammal      Summ           4%         N/A       100%        1
 Searing Ray              Conj           16%        2d5       100%        2
 Call Canine Familiar     Summ           1%         N/A       100%        3
 Dazzling Flash           Conj/Hex       8%         N/A       100%        3
 Inner Flame              Hex/Fire       1%         N/A       100%        3
 Summon Guardian Golem    Hex/Summ       1%         N/A       100%        3
 Flame Wave               Conj/Fire      4%         2d5       100%        4
 Fulminant Prism          Conj/Hex       2%         3d5       100%        4
 Iskenderun's Mystic Bla  Conj/Tloc      4%         2d3       100%        4
 Sticky Flame             Conj/Fire      4%         2d3       100%        4


Dungeon Overview and Level Annotations

Branches:
Dungeon (5/15)
 Temple: D:4-7

Altars:

Annotations:
D:2 1 runed translucent door, Crazy Yiuf


Innate Abilities, Weirdness & Mutations

You are immune to poison.
You have sharp fingernails.
Your flesh is cold resistant. (rC+)
You are immune to negative energy. (rN+++)
You do not regenerate when monsters are visible.
You are immune to unholy pain and torment.
You thrive by killing the living.


Message History

You climb upwards.
There is a stone staircase leading down here.
You claw the jelly! The acid corrodes you!
Your claws burn!
The jelly is heavily wounded.
The jelly hits you. The acid corrodes you!
You are splashed with acid!
You scratch the jelly but do no damage. The acid corrodes you!
Your claws burn!
The jelly is heavily wounded.
The jelly hits you. The acid corrodes you!
You are splashed with acid!
You are too injured to fight recklessly!
You are too injured to fight recklessly!
You aren't carrying any items that you can evoke.
Unknown command.
It was a potion of curing.
You feel better. The jelly hits you.
You are splashed with acid!
You feel better. The jelly hits you. The acid corrodes you!
You are splashed with acid!
As you read the scroll labelled DUARUE MAISE, it crumbles to dust.
It is a scroll of identify.
r - a potion of flight The jelly hits you.
* * * LOW HITPOINT WARNING * * *
You are splashed with acid.
* * * LOW HITPOINT WARNING * * *
It was a potion of mutation.
You feel extremely strange.
Your body decomposes!
You feel dopey.
Your body decomposes!
You feel clumsy. The jelly hits you.
* * * LOW HITPOINT WARNING * * *
You are splashed with acid.
* * * LOW HITPOINT WARNING * * *
Unknown command.
Okay, then.
It was a potion of attraction.
You feel attractive to monsters. The jelly hits you.
* * * LOW HITPOINT WARNING * * *
The acid corrodes you!
You are splashed with acid!
You die...

.....##....##......[##.######..##
.####......#####.##.##.# #..#. .#
#............##.##.# #..#. .#
#..###.#####.......# #...#
#####).# #.# ###...### #..##
#......###.# #...# ###.#
#.###......# #.).####### ###. ..#
###.#### #####.........###...
..#####.######..@J...............
..........................#######
#####'..######....).......# #
.....#....# #####)...###.# #
###'.#.##.# #.)......# #
...#.#.##.# #..<####.# #
##.#.#....# #...# #.# #
##.#.#.#..# ##.## #.#######
...#.#.#..# #.# #........


You could see a jelly.

Vanquished Creatures
  An ice beast (D:4)
  2 phantoms (D:4)
  Blork the orc (D:5)
  An orc priest (D:4)
  A jelly (D:4)
  2 hounds
  A sleepcap (D:4)
  Jessica (D:3)
  Terence (D:2)
  Natasha (thrice) (D:3)
  An iguana (D:4)
  An orc wizard (D:5)
  Robin (D:3)
  6 adders
  6 gnolls
  6 dart slugs
  11 orcs
  12 endoplasms
  7 giant cockroaches
  7 hobgoblins
  17 jackals
  6 quokkas
  13 ball pythons
  5 bats
  5 frilled lizards
  16 goblins
  8 kobolds
  7 rats
149 creatures vanquished.

Vanquished Creatures (others)
  4 plants (D:1)
4 creatures vanquished.

Grand Total: 153 creatures vanquished

Notes
Turn   | Place    | Note
-------+----------+-------------------------------------------
     0 | D:1      | SnakkuSnakku7 the Ghoul Conjurer began the quest for the
                  | Orb.
     0 | D:1      | Reached XP level 1. HP: 14/14 MP: 2/2
    66 | D:1      | Reached skill level 1 in Fighting
    66 | D:1      | Reached skill level 1 in Unarmed Combat
    86 | D:1      | Reached XP level 2. HP: 23/23 MP: 3/3
   354 | D:1      | Reached XP level 3. HP: 25/29 MP: 4/4
   414 | D:1      | Reached skill level 2 in Unarmed Combat
  1054 | D:2      | Reached XP level 4. HP: 34/37 MP: 5/5
  1602 | D:2      | Found a runed translucent door.
  1603 | D:2      | Noticed Crazy Yiuf
  1818 | D:2      | Noticed Terence
  1948 | D:3      | Noticed Natasha
  2007 | D:3      | Reached skill level 3 in Unarmed Combat
  2023 | D:3      | Noticed Jessica
  2054 | D:3      | Killed Jessica
  2055 | D:3      | Reached XP level 5. HP: 39/45 MP: 6/6
  2162 | D:3      | Noticed Robin
  2295 | D:3      | Killed Robin
  2464 | D:3      | Killed Natasha
  2594 | D:3      | Reached skill level 4 in Unarmed Combat
  2681 | D:3      | Noticed Natasha
  2699 | D:3      | Killed Natasha
  2700 | D:3      | Reached skill level 1 in Throwing
  2700 | D:3      | Reached XP level 6. HP: 37/52 MP: 7/7
  3251 | D:3      | Noticed Natasha
  3260 | D:3      | Killed Natasha
  3656 | D:2      | Killed Terence
  3784 | D:4      | Reached skill level 5 in Unarmed Combat
  3810 | D:4      | Reached XP level 7. HP: 34/59 MP: 8/8
  4312 | D:4      | Reached skill level 6 in Unarmed Combat
  4741 | D:5      | Entered Level 5 of the Dungeon
  4888 | D:5      | Noticed Blork the orc
  4897 | D:5      | Killed Blork the orc
  4898 | D:5      | Reached XP level 8. HP: 54/66 MP: 9/9
  4927 | D:5      | Reached skill level 7 in Unarmed Combat
  5131 | D:4      | HP: 3/66 [jelly (3)]
  5131 | D:4      | Splashed by a jelly's acid

Illustrated notes

Levels and vault maps discovered:
D:1:      elethiomel_arrival_shortcut, layout_loops_ring,
          roderic_cross_of_infinity, amcnicky_mini_rare_corridor_liquid,
          serial_bayou_pond_b
D:2:      layout_basic, nicolae_figureground_pulse, uniq_crazy_yiuf_cottage,
          uniq_terence
D:3:      layout_basic, uniq_natasha, uniq_jessica, uniq_robin
D:4:      layout_loops_cross, minivault_11
D:5:      cheibrodos_fzero, layout_basic, serial_glass, glass_columns_c,
          glass_columns_a, glass_columns_c, st_stairs_5, kennysheep_doodads,
          uniq_blork_the_orc

Skill      XL: |  1  2  3  4  5  6  7  8 |
---------------+-------------------------+-----
Fighting       | 1 2 3 4 |  4.0
Unarmed Combat | 1 2 3 4 5 6 7 |  7.1
Throwing       | 1 2 4 |  4.0
Dodging        | |  1.7
Stealth        | |  2.1
Spellcasting   | |  1.7
Conjurations   | |  3.2

Action                     |  1- 3 |  4- 6 |  7- 9 || total
---------------------------+-------+-------+-------++-------
  Melee: Unarmed           |   170 |   281 |   168 ||   619
         Punch             |     5 |    10 |     5 ||    20
  Throw: Dart              |       |     9 |     4 ||    13
    Use: Scroll            |     1 |     5 |     1 ||     7
         Potion            |       |       |     4 ||     4
 Armour: Ring mail         |    85 |     5 |       ||    90
         Plate armour      |       |   215 |   173 ||   388
  Dodge: Dodged            |    91 |    46 |    32 ||   169
